[Event "Late-Titled-Tuesday-Blitz-May-14-2024"]
[Site "Chess.com"]
[Date "2024.05.14"]
[Round "11"]
[White "Oleg_Papayan"]
[Black "Individoom"]
[Result "0-1"]
[WhiteElo "2611"]
[BlackElo "2776"]
[TimeControl "180+1"]
[EndTime "16:05:44 PDT"]
[Termination "Individoom won by checkmate"]

1. e4 g6 2. d4 Bg7 3. Nc3 d6 4. Be3 a6 5. a4 Nc6 6. Nf3 Bg4 7. Be2 Bxf3 8. Bxf3 e5 9. dxe5 Bxe5 10. O-O Nge7 11. Nd5 Nxd5 12. exd5 Ne7 13. c3 O-O 14. a5 Nf5 15. Bd2 Re8 16. g3 Ng7 17. Qb3 Qc8 18.
Ra4 Rb8 19. Bg4 Qd8 20. Rb4 c5 21. Rxb7 Rxb7 22. Qxb7 Qxa5 23. Qc6 Qb5 24. Qxb5 axb5 25. Ra1 Rb8 26. Ra6 Ne8 27. Bd7 Nc7 28. Ra7 Nxd5 29. f4 Bg7 30. Bc6 Nf6 31. Kf2 h5 32. h3 Bf8 33. Be3 b4 34. c4 b3 35. Kf3 Bg7 36. g4 hxg4+ 37. hxg4 Nh7 38. Bd5 Bxb2 39. Rxf7 Kh8 40.
Rd7 Bg7 41. Rxd6 b2 42. Be4 Nf6 43. Bc2 b1=Q 44. Bxb1 Rxb1 45. Bxc5 Rb3+ 46. Kg2 Nxg4 47. Rxg6 Nf6 48. Bd4 Nh5 49. Bxg7+ Nxg7 50. Rh6+ Kg8 51. Rd6 Kf7 52. Rd7+ Kf6 53. c5 Rc3 54. Rd6+ Ne6 55. c6 Kf5 56. c7 Nxf4+ 57. Kf2 Rxc7 58. Rd8 Rc2+ 59. Ke3 Rc3+ 60. Kd2 Ra3 61. Rf8+ Ke4 62. Re8+ Kd4 63. Rd8+ Nd5 64. Kc2 Rf3 65. Rd7 Kc4 66. Rd8 Rf2+ 67. Kd1 Nc3+ 68. Ke1 Rh2 69. Kf1 Nd5 70.
Kg1 Ra2 71. Rf8 Kd3 72. Rf2 Ra4 73. Kg2 Ke3 74. Rf8 Nf4+ 75. Kg3 Ne2+ 76. Kg2 Rg4+ 77.
Kh3 Rg7 78. Kh4 Nf4 79. Rf6 Kf3 80. Rh6 Rg4# 0-1

[Event "Late-Titled-Tuesday-Blitz-May-14-2024"]
[Site "Chess.com"]
[Date "2024.05.14"]
[Round "11"]
[White "DeArron_Fox"]
[Black "Kombinator01"]
[Result "0-1"]
[WhiteElo "2539"]
[BlackElo "2411"]
[TimeControl "180+1"]
[EndTime "16:06:41 PDT"]
[Termination "Kombinator01 won by checkmate"]

1. d4 Nf6 2. c4 Nc6 3. Nf3 d5 4. cxd5 Qxd5 5. Nc3 Qh5 6. Bf4 Nd5 7. Bg3 Nxc3 8. bxc3 Qa5 9. Qb3 e6 10. e4 Bd6 11. e5 Be7 12. Bd3 Qb6 13. Qc2 a6 14. h4 Qa7 15. Be4 h6 16. Rb1 Bd7 17. h5 Rd8 18. Bh4 b5 19. Bxe7 Nxe7 20. a4 c5 21. axb5 axb5 22. O-O O-O 23. Rfd1 Rc8 24. Qe2 c4 25. Bc2 Bc6 26. Nd2 Rfd8 27. Ne4 Qa8 28. Nd6 Bxg2 29. Nxc8 Rxc8 30. Rxb5 Bf3 31. Qe3 Bxd1 32.
Bxd1 Qa1 33. Qf3 Nd5 34. Kg2 Qxc3 35. Qxc3 Nxc3 36. Bc2 Nd5 37. Kf3 c3 38. Rc5 Rxc5 39. dxc5 Kf8 40. Bb3 Ke7 41. Ke4 Kd7 42. Kd4 Kc6 43.
Ba4+ Kc7 44. Kd3 Nf4+ 45. Kxc3 Nxh5 46. Kd4 Nf4 47. Ke4 Nd5 48. Be8 f5+ 49. Kd4 Ne7 50. Bf7 Nc6+ 51. Ke3 Kd7 52. f4 Ke7 53. Bh5 g5 54.
fxg5 hxg5 55. Bf3 Nxe5 56. Bb7 Kd8 57. Kd4 Nf7 58. Bf3 Kc7 59. c6 Kd6 60. Bh1 Nd8 61. Kc4 Nxc6 62. Kb5 Ne7 63. Kc4 e5 64. Kd3 g4 65.
Ke3 Ke6 66. Kf2 Kf6 67. Ba8 Kg5 68. Kg3 f4+ 69. Kg2 Ng6 70. Be4 Nh4+ 71. Kf2 g3+ 72. Ke2 Kg4 73. Kf1 f3 74. Kg1 Kf4 75. Bc6 e4 76.
Bb5 e3 77. Bd3 e2 78. Bxe2 fxe2 79. Kh1 e1=N 80. Kg1 Nd3 81. Kh1 Ne5 82. Kg1 Kg4 83. Kh1 Kh3 84. Kg1 g2 85. Kf2 Kh2 86. Ke3 g1=N 87. Ke4 Ngf3 88. Kf4 Kg2 89. Ke3 Kg3 90.
Ke4 Nhg6 91. Kf5 Kh4 92. Ke4 Kg4 93. Ke3 Kf5 94. Ke2 Ke4 95. Kf2 Nf4 96. Kg3 Ne2+ 97.
Kh3 Kf4 98. Kg2 Ng4 99. Kh1 Ng3+ 100. Kg2 Ne3+ 101. Kh3 Ng1+ 102. Kh2 N1e2 103. Kh3 Nef5 104. Kg2 Ke3 105. Kh3 Kf3 106. Kh2 Nf4 107. Kg1 Ne3 108. Kh2 Ng4+ 109. Kg1 Nh3# 0-1

[Event "Late-Titled-Tuesday-Blitz-May-14-2024"]
[Site "Chess.com"]
[Date "2024.05.14"]
[Round "11"]
[White "MKlose11"]
[Black "KNVB"]
[Result "1-0"]
[WhiteElo "2644"]
[BlackElo "2789"]
[TimeControl "180+1"]
[EndTime "16:07:44 PDT"]
[Termination "MKlose11 won by checkmate"]

1. e4 b6 2. d4 Bb7 3. Bd3 e6 4. Qe2 d5 5. e5 c5 6. c3 Qc8 7.
Be3 Ba6 8. Nf3 Bxd3 9. Qxd3 Qa6 10. Ke2 Qxd3+ 11. Kxd3 Nc6 12. a3 c4+ 13. Ke2 Nge7 14.
Nbd2 Na5 15. Ne1 Kd7 16. f4 h5 17. Nef3 Nf5 18. Ng5 f6 19. Ngf3 Be7 20. g3 Rag8 21.
Rag1 Nc6 22. h3 fxe5 23. fxe5 h4 24. gxh4 Bxh4 25. Rh2 Bg3 26. Rhg2 Rxh3 27. Ng5 Rh2 28. Rxh2 Bxh2 29. Rg2 Bg3 30. Nf1 Bh4 31. Nf3 Bd8 32. Rh2 b5 33. Rh7 Ke8 34. Bf4 a5 35. Ne3 Nxe3 36. Kxe3 Ne7 37. Bg5 Nf5+ 38. Kf4 Bc7 39.
Kg4 Bb6 40. Nh4 Nxh4 41. Rxh4 Kf7 42. Rh1 Kg6 43. Rf1 Rb8 44. Bh4 Bc7 45. Kh3 Bb6 46.
Rg1+ Kf7 47. Rf1+ Kg8 48. Rg1 Rb7 49. Kg4 b4 50. axb4 axb4 51. Ra1 bxc3 52. bxc3 Kf7 53. Ra6 Bc7 54. Bg5 Rb6 55. Ra7 Rc6 56. Bd8 Kg6 57.
Bxc7 Kh6 58. Ba5 Kg6 59. Bb4 Rc8 60. Re7 Rc6 61. Rd7 Rc8 62. Rd6 Kf7 63. Kg5 Rc7 64. Ra6 Rb7 65. Bc5 Rb3 66. Ra7+ Kg8 67. Bb4 Rb1 68. Re7 Rg1+ 69. Kh4 Rg6 70. Kh5 Kh7 71. Ba5 Rh6+ 72. Kg5 Rg6+ 73. Kf4 Kg8 74. Ke3 Rg3+ 75. Kd2 Rg6 76. Bb4 Rh6 77. Kc2 Rh2+ 78. Kb1 Rh6 79. Kb2 g5 80. Kc2 g4 81. Kd2 g3 82. Ke2 g2 83.
Kf2 Rg6 84. Kg1 Kh8 85. Re8+ Kg7 86. Rf8 Rg3 87. Rf2 Rd3 88. Rxg2+ Kh6 89. Rf2 Kg5 90. Rf6 Kg4 91. Rxe6 Kf3 92. Rf6+ Kg3 93. Rg6+ Kf3 94. e6 Rd1+ 95. Kh2 Rd2+ 96. Kh3 Rd1 97. Kh4 Kf4 98.
Rg4+ Kf5 99. Rg3 Kxe6 100. Kg4 Rf1 101. Rf3 Rg1+ 102. Kf4 Kf6 103. Ke3+ Kg5 104. Kd2 Kg4 105. Re3 Kf4 106. Re2 Kf3 107. Re3+ Kf4 108. Bd6+ Kg4 109. Kc2 Rg2+ 110. Kb1 Rg1+ 111. Kb2 Rd1 112. Ka3 Rb1 113. Bb4 Kf4 114. Re5 Ra1+ 115. Kb2 Rf1 116. Rxd5 Ke4 117. Rh5 Kd3 118. Rh3+ Ke4 119. Rh2 Rf5 120. Rc2 Rf3 121. Ka3 Rf7 122. Ka4 Ra7+ 123. Kb5 Kd3 124. Rc1 Rb7+ 125. Kc6 Rb8 126. d5 Kd2 127. Rh1 Rc8+ 128. Kd7 Rg8 129. d6 Rg7+ 130. Kc6 Kd3 131. d7 Kc2 132. Kc7 Kb3 133. Kc8 Rg6 134. d8=Q Ra6 135. Qc7 Ra2 136. Kb7 Re2 137. Rb1+ Kc2 138. Qh7+ Kd2 139. Qh1 Re7+ 140. Bxe7 Kc2 141. Qd1+ Kxc3 142.
Bf6# 1-0